 Dungeon Crawl Stone Soup version 0.30-a0-802-gb92711bcdf (webtiles) character file.

Game seed: 12709384585518658711

186 crispyCORNDOG the Sneak (level 5, -1/26 HPs)
             Began as a Spriggan Brigand on Feb 24, 2023.
             Engulfed by a steam dragon's steam (8 damage)
             ... on level 4 of the Dungeon on Feb 25, 2023.
             The game lasted 00:20:58 (4537 turns).

crispyCORNDOG the Sneak (Spriggan Brigand)          Turns: 4537, Time: 00:20:59

Health: -1/26      AC:  3    Str:  7    XL:     5   Next: 38%
Magic:  7/7        EV: 17    Int: 13    God:
Gold:   262        SH:  0    Dex: 18    Spells: 0/6 levels left

rFire   . . .      SeeInvis +    a - +2 dagger
rCold   . . .      Faith    .    (no shield)
rNeg    . . .      Spirit   .    b - +0 robe
rPois   .          Reflect  .    (helmet restricted)
rElec   .          Harm     .    c - +0 cloak
rCorr   .          Rampage  .    (gloves unavailable)
Will    .....                    (boots unavailable)
Stlth   ++++                     (no amulet)
HPRegen 0.24/turn                (no ring)
MPRegen 0.10/turn                (no ring)

@: very quick
A: very small, no large weapons, unfitting armour, see invisible, speed 3
a: no special abilities


You were on level 4 of the Dungeon.
You visited 1 branch of the dungeon, and saw 4 of its levels.

You collected 262 gold pieces.

Inventory:

Hand Weapons
 a - a +2 dagger (weapon)
Missiles
 d - a poisoned dart (quivered)
Armour
 b - a +0 robe (worn)
 c - a +0 cloak (worn)
Jewellery
 j - an amulet of guardian spirit
 r - a ring of magical power
Scrolls
 g - 2 scrolls of magic mapping
 h - 2 scrolls of vulnerability
 i - a scroll of immolation
 l - 2 scrolls of teleportation
 m - a scroll of enchant armour
 q - a scroll of torment
 s - a scroll of summoning {unknown}
 v - a scroll of brand weapon {unknown}
Potions
 e - a potion of magic
 f - a potion of lignification {unknown}
 k - 3 potions of curing {unknown}
 n - a potion of degeneration
 o - 2 potions of might {unknown}
 p - a potion of heal wounds
 t - 2 potions of attraction {unknown}
 u - a potion of ambrosia


   Skills:
 + Level 1.9 Fighting
 + Level 2.7 Short Blades
 + Level 4.2 Throwing
 * Level 2.0 Dodging
 * Level 7.1 Stealth
 * Level 1.0 Spellcasting


You couldn't memorise any spells.
You knew the following spells:

 Your Spells              Type           Power      Damage    Failure   Level
a - Slow                  Hex            0%         N/A       28%         1
b - Confusing Touch       Hex            0%         N/A       63%         3
c - Passwall              Tmut/Erth      0%         N/A       38%         2

Your spell library contained the following spells:

 Spells                   Type           Power      Damage    Failure   Level
 Sandblast                Erth           0%         2d4       28%         1
 Stone Arrow              Conj/Erth      0%         3d7       63%         3
 Vampiric Draining        Necr           0%         2d6       63%         3


Dungeon Overview and Level Annotations

Branches:
Dungeon (4/15)
 Temple: D:4-7

Altars:
Wu Jian


Innate Abilities, Weirdness & Mutations

You are very small and have problems with some larger weapons.
You are too small for most types of armour.
You have supernaturally acute eyesight. (SInv)
You cover ground extremely quickly. (Speed+++)


Message History

Throw: 2 darts (poison)
Press: ? - help, Q - select action, (/) - cycle Shift-Dir - straight line, f/p - ball python
Aim: a ball python (moderately wounded, poisoned, 60% to hit)
You throw a poisoned dart.
The poisoned dart barely misses the ball python.
Throw: dart (poison)
Press: ? - help, Q - select action, (/) - cycle Shift-Dir - straight line, f/p - ball python
Aim: a ball python (moderately wounded, poisoned, 60% to hit)
You throw a poisoned dart.
The poisoned dart barely misses the ball python.
You kill the ball python!
Really walk onto that alarm trap? [Y]es or [N]o only, please.
Really walk onto that alarm trap?
Okay, then.
Sorry, I don't know how to get there.
You see here a +0 ring mail.
d - 3 poisoned darts You see here a +0 ring mail.
The steam dragon hisses angrily.
The steam dragon completely misses you.
The steam dragon claws you but does no damage.
Throw: 3 darts (poison)
Press: ? - help, Q - select action, (/) - cycle Shift-Dir - straight line, f - steam dragon
Aim: a steam dragon (63% to hit)
You throw a poisoned dart.
The poisoned dart hits the steam dragon.
The steam dragon is poisoned.
Throw: 2 darts (poison)
Press: ? - help, Q - select action, (/) - cycle Shift-Dir - straight line, f/p - steam dragon
Aim: a steam dragon (poisoned, 63% to hit)
You throw a poisoned dart.
The poisoned dart closely misses the steam dragon.
You see here a +0 ring mail.
The steam dragon breathes steam at you. The ball of steam hits you!!
Ouch! That really hurt!
* * * LOW HITPOINT WARNING * * *
You are engulfed in a cloud of scalding steam.
You die...

~.^.# ~..~. .~..#
########...
##.8..8.##..#####
##[§D..(.(##~.#...
############
##@§######..##.#..)
...........#
#§§##§§≈.##..)†.#..
...........# ##§##
§$..§##.##.#..
##########.# #..#
#⌠§#..#..#.#.) #.#
#..# #>.#..#..#.#..
#.# ##.## #..##.#..
#.# #..##
##.....#..
##########.##
##..######..##.##..
#...........#
##..†..^..## .#...


You could see a steam dragon (poisoned).

Vanquished Creatures
  7 adders
  A gnoll (D:2)
  3 worms
  5 dart slugs
  7 orcs
  7 endoplasms
  3 giant cockroaches
  4 goblins
  12 hobgoblins
  11 kobolds
  3 quokkas
  6 ball pythons
  7 bats
  3 frilled lizards
  4 rats
83 creatures vanquished.

Notes
Turn   | Place    | Note
-------+----------+-------------------------------------------
     0 | D:1      | crispyCORNDOG the Spriggan Brigand began the quest for the
                  | Orb.
     0 | D:1      | Reached XP level 1. HP: 10/10 MP: 2/2
    70 | D:1      | Reached skill level 6 in Stealth
   246 | D:1      | Reached XP level 2. HP: 12/15 MP: 3/3
   811 | D:2      | Reached XP level 3. HP: 18/18 MP: 4/4
  1412 | D:2      | Reached skill level 7 in Stealth
  1412 | D:2      | Reached XP level 4. HP: 23/23 MP: 5/5
  2613 | D:3      | Learned a level 1 spell: Slow
  2617 | D:3      | Learned a level 3 spell: Confusing Touch
  2722 | D:3      | Found an ornate altar of the Wu Jian Council.
  2773 | D:3      | Reached XP level 5. HP: 23/26 MP: 5/7
  2871 | D:3      | Found a faded altar of an unknown god.
  3997 | D:4      | Reached skill level 1 in Spellcasting
  4134 | D:4      | Learned a level 2 spell: Passwall
  4353 | D:4      | Noticed a steam dragon
  4537 | D:4      | Engulfed by a steam dragon's steam

Illustrated notes

Levels and vault maps discovered:
D:1:      lemuel_arrival_muddy, layout_rooms, serial_curves, eino_curves_02,
          eino_curves_01
D:2:      minmay_razor_zed, layout_loops_corners, minmay_tall_x
D:3:      layout_basic, nzn_wu_jian_council_hall, basic_ecumenical_altar,
          grunt_ministairs_10
D:4:      layout_rooms, nzn_random_ring

Skill      XL: |  1  2  3  4  5 |
---------------+----------------+-----
Stealth        | 6 7 |  7.1
Throwing       | 3 4 |  4.2
Dodging        | 2 |  2.0
Spellcasting   | 1 |  1.0
Fighting       | |  1.9
Short Blades   | |  2.7

Action                     |  1- 3 |  4- 6 || total
---------------------------+-------+-------++-------
  Melee: Dagger            |    26 |    77 ||   103
         Punch             |     1 |     1 ||     2
  Throw: Dart              |    97 |   104 ||   201
         Stone             |       |     9 ||     9
    Use: Scroll            |       |    10 ||    10
   Stab: Distracted        |       |     1 ||     1
 Armour: Robe              |     9 |    12 ||    21
  Dodge: Dodged            |    21 |    61 ||    82

Table legend: (Time is in decaauts)
 A = Elapsed time spent in this place.
 B = Non-inter-level travel time spent in this place.
 C = Inter-level travel time spent in this place.
 D = Time resting spent in this place.
 E = Time spent auto-exploring this place.
 F = Levels seen in this place.
 G = Mean time per level.
                   A        B        C        D        E       F      G
               +--------+--------+--------+--------+--------+-----+--------+
         Total |   2999 |   2858 |    141 |    176 |   1345 |   4 |  749.8 |
       Dungeon |   2999 |   2858 |    141 |    176 |   1345 |   4 |  749.8 |
               +--------+--------+--------+--------+--------+-----+--------+

Top non-repeatable levels by time:
     D:2: 1177 daAuts
     D:3: 885 daAuts
     D:4: 515 daAuts
     D:1: 421 daAuts
